 Dungeon Crawl Stone Soup version 0.30-a0-1043-g60ff8d5f49 (webtiles) character file.

Game seed: 2610900412109386563

1545651 freelancePsychic the Pyromancer (level 25, 168/168 HPs)
             Began as a Deep Elf Venom Mage on Apr 10, 2023.
             Was an Initiate of Gozag.
             Escaped with the Orb
             ... and 3 runes!
             The game lasted 02:48:21 (76612 turns).

freelancePsychic the Pyromancer (DEVM)             Turns: 76612, Time: 02:48:22

Health: 168/168    AC: 25    Str:  5    XL:     25   Next: 6%
Magic:  71/71      EV: 33    Int: 36    God:    Gozag
Gold:   1909       SH:  8    Dex: 18    Spells: 6/54 levels left

rFire   + + .      SeeInvis .    X - staff of fire "Kiusecur" {+Blink rPois rF+}
rCold   . . .      Faith    .    B - +3 buckler {AC+3}
rNeg    . . .      Spirit   .    f - +3 leather armour {rF+}
rPois   +          Reflect  .    H - +3 helmet of the Saviour {MP+9 Dex+3}
rElec   +          Rampage  .    E - +4 dragonskin cloak
rCorr   +          Clarity  +    U - +2 pair of gloves
Will    +++..                    c - +1 pair of boots of Disappointment {MP+9 Int+3}
Stlth   ++                       C - amulet "Icruqac" {RegenMP rElec Stlth+}
HPRegen 0.48/turn                z - ring of the Hare {EV+10}
MPRegen 0.82/turn                T - ring "Xuathagg" {Will+ rCorr MP+9}

@: hasted, very quick
A: hooves 1, clarity
0: Orb of Zot
}: 3/15 runes: serpentine, barnacled, slimy
a: Renounce Religion, Evoke Blink, Potion Petition, Call Merchant, Bribe Branch


You escaped.
You worshipped Gozag.
Gozag was most pleased with you.
You visited 11 branches of the dungeon, and saw 53 of its levels.

You collected 26336 gold pieces.
You spent 5204 gold pieces at shops.
You paid 19223 gold pieces to Gozag.

Inventory:

Missiles
 G - 8 throwing nets
Armour
 c - the +1 pair of boots of Disappointment (worn) {MP+9 Int+3}
   (You found it on level 2 of the Crypt)

   Int:       It affects your intelligence (+3).
   MP:        It affects your magic capacity (+9).
 f - a +3 leather armour of fire resistance (worn)
 B - a +3 buckler of protection (worn)
 E - the +4 dragonskin cloak (worn)
   (You took it off Tiamat on level 2 of the Realm of Zot)

   Avatar's Aegis: It grants the wearer a chance to resist fire, cold, poison,
   electricity, acid, and negative energy.
 H - the +3 helmet of the Saviour (worn) {MP+9 Dex+3}
   (You found it on level 6 of the Dungeon)

   Dex:       It affects your dexterity (+3).
   MP:        It affects your magic capacity (+9).
 U - a +2 pair of gloves (worn)
Magical Staves
 O - the staff of conjuration "Xaquss" {Str+3 Dex+3}
   (You found it on level 11 of the Dungeon)

   [staff of conjuration]

   Base accuracy: +5 Base damage: 5 Base attack delay: 1.2 This weapon's minimum
   attack delay (0.6) is reached at skill level 12.
   Str:       It affects your strength (+3).
   Dex:       It affects your dexterity (+3).
   It falls into the 'Staves' category.
   It is a one-handed weapon.
 X - the staff of fire "Kiusecur" (weapon) {+Blink rPois rF+}
   (You found it on level 13 of the Dungeon)

   [staff of fire]

   Base accuracy: +5 Base damage: 5 Base attack delay: 1.2 This weapon's minimum
   attack delay (0.6) is reached at skill level 12.
   rF:        It protects you from fire.
   rPois:     It protects you from poison.
   +Blink:    It lets you blink.
   It falls into the 'Staves' category.
   It is a one-handed weapon.
Jewellery
 j - the ring "Ylurch" {Fly rElec rPois Str-2 Int+6}
   (You found it on level 4 of the Shoals)

   [ring of flight]

   Str:       It affects your strength (-2).
   Int:       It affects your intelligence (+6).
   rElec:     It insulates you from electricity.
   rPois:     It protects you from poison.
   Fly:       It grants you flight.
 o - an amulet of reflection
 z - the ring of the Hare (left hand) {EV+10}
   (You took it off a merfolk impaler on level 4 of the Shoals)

   [ring of evasion]

   EV:        It affects your evasion (+10).
 A - an amulet of regeneration
 C - the amulet "Icruqac" (around neck) {RegenMP rElec Stlth+}
   (You found it on level 3 of the Elven Halls)

   [amulet of magic regeneration]

   It increases your rate of magic regeneration.
   rElec:     It insulates you from electricity.
   Stlth:     It makes you more stealthy.
 J - the ring "Qazauth" {*Corrode Str+4 Int+4 Dex+6}
   (You found it on level 2 of the Crypt)

   [ring of dexterity]

   Str:       It affects your strength (+4).
   Int:       It affects your intelligence (+4).
   Dex:       It affects your dexterity (+6).
   *Corrode:  It may corrode you when you take damage.
 K - a ring of protection from cold
 T - the ring "Xuathagg" (right hand) {Will+ rCorr MP+9}
   (You found it on level 3 of the Elven Halls)

   [ring of resist corrosion]

   MP:        It affects your magic capacity (+9).
   rCorr:     It protects you from acid and corrosion.
   Will:      It increases your willpower.
Wands
 w - a wand of roots (31)
 D - a wand of flame (57)
 F - a wand of acid (8)
 I - a wand of charming (39)
 Z - a wand of mindburst (28)
Scrolls
 e - 4 scrolls of enchant weapon
 g - 12 scrolls of poison
 k - 13 scrolls of teleportation {@r4}
 q - 8 scrolls of fear
 r - 3 scrolls of blinking
 t - 5 scrolls of torment
 u - 7 scrolls of amnesia
 v - 8 scrolls of silence
 M - 4 scrolls of immolation
 Q - 10 scrolls of fog
 S - 2 scrolls of brand weapon
 W - 33 scrolls of identify {@r1}
 Y - 5 scrolls of enchant armour
Potions
 b - 7 potions of heal wounds {@q2}
 h - 23 potions of curing {@q1}
 i - 3 potions of haste {@q3}
 l - 9 potions of brilliance
 m - 4 potions of mutation
 n - 7 potions of lignification
 p - 6 potions of might
 s - 3 potions of cancellation
 x - 4 potions of invisibility
 L - 2 potions of resistance
 N - 7 potions of flight
 P - 6 potions of ambrosia
 V - 10 potions of attraction
Miscellaneous
 a - a phial of floods
 R - a condenser vane


   Skills:
 - Level 20.0 Fighting
 - Level 0.9 Long Blades
 - Level 6.4 Armour
 - Level 20.0 Dodging
 - Level 10.0 Stealth
 - Level 4.0 Shields
 - Level 15.0 Spellcasting
 * Level 20.8 Conjurations
 - Level 4.3 Summonings
 - Level 11.3 Transmutations
 + Level 21.9 Fire Magic
 - Level 13.9 Air Magic
 - Level 11.0 Poison Magic
 - Level 2.3 Evocations


You had 6 spell levels left.
You knew the following spells:

 Your Spells              Type           Power      Damage    Failure   Level
a - Eringya's Noxious Bo  Tmut/Pois      41%        N/A       4%          6
b - Plasma Beam           Fire/Air       62%        2x1d86    1%          6
c - Ignite Poison         Fire/Tmut/Pois 100%       N/A       1%          3
d - Olgreb's Toxic Radia  Pois           82%        N/A       1%          4
e - Ignition              Fire           67%        3d18      2%          8
f - Mephitic Cloud        Conj/Pois/Air  95%        N/A       0%          3
g - Summon Lightning Spi  Summ/Air       75%        N/A       1%          4
h - Irradiate             Conj/Tmut      48%        3d27      1%          5
i - Fire Storm            Conj/Fire      67%        8d17      38%         9

Your spell library contained the following spells:

 Spells                   Type           Power      Damage    Failure   Level
 Foxfire                  Conj/Fire      100%       2x1d9     0%          1
 Scorch                   Fire           100%       2d9       0%          2
 Flame Wave               Conj/Fire      100%       2d21      0%          4
 Sticky Flame             Conj/Fire      100%       2d11      0%          4
 Fireball                 Conj/Fire      67%        3d25      0%          5
 Iskenderun's Battlesphe  Conj           100%       2d15      0%          5
 Kiss of Death            Conj/Necr      100%       2d13      1%          1
 Sting                    Tmut/Pois      100%       1d8       1%          1
 Summon Small Mammal      Summ           100%       N/A       1%          1
 Call Imp                 Summ           100%       N/A       1%          2
 Cigotuvi's Dreadful Rot  Necr/Pois/Air  100%       N/A       1%          2
 Passwall                 Tmut/Erth      50%        N/A       1%          2
 Poisonous Vapours        Pois/Air       100%       N/A       1%          2
 Wereblood                Tmut           83%        N/A       1%          2
 Call Canine Familiar     Summ           55%        N/A       1%          3
 Hailstorm                Conj/Ice       80%        3d16      1%          3
 Inner Flame              Hex/Fire       100%       N/A       1%          3
 Spider Form              Tmut/Pois      82%        N/A       1%          3
 Stone Arrow              Conj/Erth      100%       3d13      1%          3
 Swiftness                Air            91%        N/A       1%          3
 Vhi's Electric Charge    Tloc/Air       100%       N/A       1%          3
 Fulminant Prism          Conj/Hex       40%        3d19      1%          4
 Alistair's Intoxication  Tmut/Pois      54%        N/A       1%          5
 Arcjolt                  Conj/Air       50%        1d60      1%          5
 Blade Hands              Tmut           41%        N/A       1%          5
 Freezing Cloud           Conj/Ice/Air   42%        6-21      1%          5
 Conjure Ball Lightning   Conj/Air       50%        3x3d17    1%          6
 Starburst                Conj/Fire      67%        6d17      1%          6
 Apportation              Tloc           54%        N/A       2%          1
 Freeze                   Ice            100%       1d10      2%          1
 Necrotise                Necr           100%       1d9       2%          1
 Sandblast                Erth           54%        2d13      2%          1
 Petrify                  Tmut/Erth      61%        N/A       2%          4
 Summon Guardian Golem    Hex/Summ       42%        N/A       3%          3
 Blink                    Tloc           54%        N/A       4%          2
 Ensorcelled Hibernation  Hex/Ice        54%        N/A       4%          2
 Lesser Beckoning         Tloc           54%        N/A       4%          2
 Sublimation of Blood     Necr           27%        N/A       4%          2
 Iron Shot                Conj/Erth      40%        9d8       6%          6
 Yara's Violent Unravell  Hex/Tmut       30%        3d13      8%          5
 Frozen Ramparts          Ice            54%        1d9       9%          3
 Gell's Gravitas          Tloc           27%        N/A       9%          3
 Ozocubu's Armour         Ice            27%        N/A       9%          3
 Portal Projectile        Hex/Tloc       54%        N/A       9%          3
 Teleport Other           Tloc           27%        N/A       9%          3
 Vampiric Draining        Necr           27%        2d7       9%          3
 Animate Armour           Summ/Erth      84%        N/A       12%         4
 Summon Ice Beast         Ice/Summ       42%        N/A       12%         4
 Anguish                  Hex/Necr       13%        N/A       26%         4
 Cause Fear               Hex            13%        N/A       26%         4
 Dispel Undead            Necr           27%        3d13      26%         4
 Leda's Liquefaction      Hex/Erth       13%        N/A       26%         4
 Summon Forest            Summ/Tloc      21%        N/A       32%         5
 Summon Mana Viper        Hex/Summ       42%        N/A       32%         5
 Statue Form              Tmut/Erth      40%        N/A       38%         6
 Agony                    Necr           27%        N/A       58%         5
 Borgnjor's Vile Clutch   Necr/Erth      13%        N/A       58%         5
 Lee's Rapid Deconstruct  Erth           13%        3d9*      58%         5
 Summon Cactus Giant      Summ           27%        N/A       58%         6
 Death Channel            Necr           13%        N/A       99%         6
 Dispersal                Tloc           13%        N/A       99%         6
 Orb of Destruction       Conj           54%        9d14      1%          7
 Spellforged Servitor     Conj/Summ      43%        N/A       13%         7
 Storm Form               Tmut/Air       43%        N/A       13%         7
 Dragon Form              Tmut           41%        N/A       22%         7
 Maxwell's Capacitive Co  Air            45%        ∞         52%         8
 Chain Lightning          Conj/Air       50%        3d66      92%         9
 Lehudib's Crystal Spear  Conj/Erth      40%        10d10     94%         8
 Monstrous Menagerie      Summ           27%        N/A       99%         7
 Enfeeble                 Hex            13%        N/A       100%        7
 Ozocubu's Refrigeration  Ice            13%        4d10      100%        7
 Borgnjor's Revivificati  Necr           13%        N/A       100%        8
 Necromutation            Tmut/Necr      30%        N/A       100%        8
 Summon Horrible Things   Summ           27%        N/A       100%        8
 Death's Door             Necr           13%        N/A       100%        9
 Dragon's Call            Summ           27%        N/A       100%        9
 Shatter                  Erth           13%        3d14*     100%        9
 Simulacrum               Ice/Necr       Unusable   N/A       N/A         6

Dungeon Overview and Level Annotations

Branches:
Dungeon (15/15)            Temple (0/1) D:6            Lair (5/5) D:11
 Shoals (4/4) Lair:2        Snake (4/4) Lair:3        Slime (5/5) Lair:5
    Orc (2/2) D:9             Elf (3/3) Orc:2        Vaults (4/5) D:14
  Crypt (2/3) Vaults:3     Depths (4/4) D:15            Zot (5/5) Depths:4

Altars:
Ashenzari
Cheibriados
Dithmenos
Gozag
Hepliaklqana
Kikubaaqudgha
Nemelex Xobeh
Qazlal
Sif Muna
Trog
Uskayaw
Vehumet
Wu Jian
Yredelemnul
Zin
Lugonu

Shops:
D:1 (   D:6 *   Orc:2 ?:?   Snake:3 !*[(   Vaults:1 :   Vaults:2 *

Portals:
Hell: Depths:1 Depths:2 Depths:3 Depths:4
Abyss: Lair:5 Depths:1 Depths:3
Pandemonium: Depths:2
Ziggurat: Depths:3

Annotations:
D:4 1 runed translucent door, Crazy Yiuf
D:14 Roxanne
Lair:1 2 runed translucent doors, Xycs's ghost, journeyman GnEE
Shoals:1 exclusion: oklob plant
Snake:2 1 transporter, Nohucul's ghost, adept MiBe
Elf:2 3 runed translucent doors
Crypt:1 Dugafar's ghost, adept GrFi
Depths:4 1 runed translucent door, lmSkywalker's ghost, adept DrTm
Zot:2 6 exclusions


Innate Abilities, Weirdness & Mutations

You have large cloven feet.
You possess an exceptional clarity of mind.


Message History

There is a stone staircase leading up here.
You climb upwards.
There is a stone staircase leading down here.
There is a stone staircase leading up here.
You climb upwards.
There is a stone staircase leading down here.
There is a stone staircase leading up here.
You climb upwards.
There is a stone staircase leading down here.
A sixfirhy comes into view.
You feel a surge of power!
The bolt of lightning misses the sixfirhy.
The fiery plasma hits the sixfirhy!!!!
You kill the sixfirhy!
(D) Dungeon (T) Temple (L) Lair (A) Shoals (P) Snake Pit (M) Slime Pits (O) Orcish Mines (E) Elven Halls (V) Vaults (C) Crypt (U) Depths (H) Hell (Z) Zot
Where to? (Enter - D:1 @ (x,y), ? - help) Zaeqeuve comes into view.
Press: ? - help, v - describe, . - travel
Here: Zaeqeuve The floor.
Unknown command.
There is nothing to cancel.
You feel yourself speed up.
A lich comes into view.
Unknown command.
Unknown command.
Unknown command.
Unknown command.
Unknown command.
Unknown command.
Unknown command.
Unknown command.
Blink to where?
Press: ? - help, Dir - move target
As you read the scroll of blinking, it crumbles to dust.
There is a staircase leading out of the dungeon here.
You have escaped!

######.#
#.>.
##......#
##.#
#..######
#.# #.## #.#
#.##########
#.#
#..........#
#.#
#..........#
#.#
#..........#
#..
#..@.......#
###
##....8....#
#.....♣...#
#.........#
#.........#
#.........#
###########
# # #


There were no monsters in sight!

Vanquished Creatures
  the Royal Jelly (Slime:5)
  3 ancient liches
  Tiamat (Zot:2)
  A dread lich (Crypt:2)
  A juggernaut (Zot:1)
  2 shard shrikes (Depths:3)
  Bai Suzhen (Shoals:3)
  2 Killer Klowns (Zot:1)
  Parghit (Zot:2)
  Margery (Vaults:4)
  4 caustic shrikes (Depths:2)
  A curse toe (Zot:1)
  6 golden dragons
  the Enchantress (Depths:1)
  A bone dragon (Depths:4)
  The ghost of Goociwk the Warrior, an adept GrFi of Cheibriados (Crypt:2)
  A Tzitzimitl (D:13)
  A hellephant (Depths:2)
  A shard shrike skeleton (Crypt:1)
  6 liches
  4 Orb Guardians
  3 tentacled monstrosities (Zot:1)
  A walking frostbound tome (Zot:4)
  2 deep elf blademasters (Elf:3)
  21 acid blobs
  2 deep elf master archers (Elf:3)
  2 quicksilver dragons
  Mlioglotl (Shoals:3)
  A kraken (Shoals:4)
  2 death cobs
  An ancient champion (Crypt:1)
  Polyphemus (Shoals:4)
  7 sphinxes
  4 storm dragons
  6 shadow dragons
  A tengu reaver (Depths:2)
  Ilsuiw (Shoals:2)
  2 draconian monks
  2 revenants
  5 draconian knights
  9 deep elf sorcerers
  8 azure jellies
  4 rockslimes
  4 iron dragons
  A nargun (Zot:4)
  6 nagarajas
  8 vault wardens
  7 fire giants
  3 curse skulls
  11 frost giants
  A ghoul (Crypt:2)
  3 draconian scorchers
  A draconian annihilator (Zot:4)
  5 spriggan defenders (Depths:1)
  21 very ugly things
  15 ironbound preservers
  5 draconian shifters
  2 reapers
  7 draconian stormcallers
  5 deep elf elementalists
  16 quicksilver oozes
  6 ironbound thunderhulks
  6 black draconians
  7 deep elf demonologists
  14 stone giants
  Nessos (D:15)
  9 vampire knights
  11 green draconians
  5 red draconians
  6 deep elf annihilators (Elf:3)
  A minotaur (shapeshifter) (Depths:2)
  10 white draconians
  4 yellow draconians
  4 eidola
  6 spark wasps
  14 purple draconians
  A green death (Zot:5)
  10 ettins
  6 deep elf death magi
  2 jiangshi
  12 fire dragons
  2 merfolk javelineers (Shoals:4)
  2 deep elf high priests (Elf:3)
  12 merfolk impalers
  A spriggan zombie (Crypt:1)
  8 yaktaur captains
  The ghost of Sobbokih the Unseen, a journeyman FeWn of Nemelex Xobeh (Shoals:2)
  3 hydras
  5 great orbs of eyes
  4 rakshasas
  An entropy weaver (Vaults:2)
  6 ice dragons
  2 quicksilver dragon skeletons
  3 salamander tyrants
  A fenstrider witch zombie (Crypt:1)
  A hydra (shapeshifter) (Vaults:2)
  2 vault guards
  2 spriggan air magi (Depths:1)
  2 catoblepae
  10 ironbound frosthearts
  A spriggan skeleton (Crypt:1)
  5 boulder beetles
  5 deep troll shamans
  4 death knights
  10 anacondas
  5 merfolk avatars
  19 centaur warriors
  3 tengu warriors
  2 two-headed ogres
  4 death yaks (Shoals:4)
  3 satyrs
  14 dancing weapons
  8 merfolk aquamancers
  17 naga warriors
  4 hell hogs (Depths:2)
  7 vampire magi
  2 orc high priests (Orc:2)
  9 deep troll earth magi
  17 naga sharpshooters
  2 thrashing horrors (Lair:5)
  3 shock serpents
  3 skysharks
  4 sun demons
  3 spriggan berserkers
  7 iron trolls
  10 deep elf knights
  2 shadow wraiths
  7 soul eaters
  17 hell knights
  9 salamander mystics
  10 sea snakes
  A sixfirhy (D:1)
  A deep troll (shapeshifter) (D:15)
  14 naga ritualists
  12 skeletal warriors
  5 flayed ghosts
  2 bog bodies (Crypt:2)
  A quicksilver dragon simulacrum (Depths:3)
  A ghost moth zombie (Crypt:1)
  51 deep trolls
  2 glowing orange brains
  6 wizards
  A tengu zombie (Depths:2)
  14 harpies
  7 lindwurms (Vaults:1)
  6 phantasmal warriors
  A tengu skeleton (Vaults:1)
  23 mana vipers
  4 deep elf archers
  7 necromancers
  12 ironbound convokers
  4 cyclopes
  2 sphinx zombies (Depths:2)
  26 deep elf zephyrmancers
  An iron dragon zombie (Crypt:2)
  36 ugly things
  2 orc knights
  10 manticores
  A stone giant zombie (Vaults:1)
  6 shining eyes
  20 deep elf pyromancers
  3 merfolk sirens
  20 fauns
  36 salamanders
  14 moths of wrath
  2 orc sorcerers (Orc:2)
  2 eyes of devastation
  16 vault sentinels
  2 fire giant skeletons
  3 guardian serpents
  33 naga magi
  6 elephants (Lair:4)
  3 water nymphs
  42 black mambas
  A storm dragon simulacrum (Depths:3)
  A black draconian zombie (Crypt:2)
  5 smoke demons
  13 cane toads
  2 unseen horrors
  An efreet (D:11)
  2 hellions
  27 yaktaurs
  5 rime drakes
  A red draconian zombie (Crypt:1)
  6 kobold demonologists
  A tormentor (D:13)
  A human zombie (Vaults:1)
  9 komodo dragons
  5 tengu conjurers
  4 freezing wraiths
  An ancient zyme (Lair:5)
  A catoblepas skeleton (Crypt:2)
  8 trolls
  2 yaktaur skeletons
  4 hornets
  An iron troll skeleton (Crypt:1)
  5 harpy zombies
  3 wind drakes
  A hellwing (Zot:5)
  A polar bear (Lair:4)
  A tyrant leech (shapeshifter) (Vaults:2)
  A hornet (shapeshifter) (D:13)
  23 blink frogs
  A harpy skeleton (Crypt:1)
  22 merfolk
  A tarantella (Vaults:2)
  4 snapping turtles
  5 flying skulls (Crypt:2)
  An alligator zombie (Crypt:1)
  An air elemental (Elf:2)
  92 slime creatures
  A culicivora (shapeshifter) (Depths:2)
  A jumping spider (Vaults:2)
  17 water elementals
  9 spriggans
  3 shadows
  3 wyverns
  3 vampires (Vaults:3)
  3 wraiths
  A guardian serpent skeleton (Crypt:1)
  34 yaks
  2 steam dragons
  Grum (Lair:1)
  7 basilisks
  A human (shapeshifter) (Elf:3)
  8 golden eyes
  A fire elemental (Elf:2)
  A chaos spawn (Lair:5)
  A redback (Vaults:2)
  A vampire mosquito (D:6)
  A warg (Orc:1)
  A faun zombie (Crypt:1)
  43 nagas
  Edmund (D:5)
  4 acid dragons
  A demonspawn zombie (Crypt:2)
  An entropy weaver zombie (Vaults:1)
  6 water moccasins
  A glowing shapeshifter skeleton (Crypt:1)
  2 floating eyes
  19 orc warriors
  2 deep troll skeletons (Crypt:1)
  5 black bears
  4 ogres
  3 small abominations (Lair:5)
  14 wolves
  19 centaurs
  A manticore skeleton (Crypt:2)
  11 bullfrogs
  Blork the orc (D:4)
  7 kobold brigands
  A glowing shapeshifter simulacrum (Depths:3)
  A rime drake skeleton (Crypt:2)
  2 gnoll sergeants
  2 scorpions (D:5)
  An earth elemental (Elf:2)
  3 killer bees (D:8)
  6 howler monkeys
  10 electric eels
  8 crimson imps (D:10)
  3 lava snakes (Snake:2)
  2 quasits
  18 orc priests
  2 hounds
  6 iguanas
  27 orc wizards
  Natasha (thrice) (D:4)
  A mummy (D:7)
  14 adders
  17 gnolls
  2 shadow imps
  3 white imps
  4 ufetubi
  An adder skeleton (Crypt:1)
  2 worms
  8 dart slugs
  72 orcs
  6 endoplasms
  4 giant cockroaches
  9 goblins
  7 hobgoblins
  7 jackals
  7 quokkas
  6 ball pythons
  9 bats
  10 frilled lizards
  25 kobolds
  7 rats
  A butterfly (Lair:4)
  2 plants
  A tentacle (Shoals:4)
1956 creatures vanquished.

Vanquished Creatures (collateral kills)
  An ancient lich (Zot:5)
  2 golden dragons (Zot:5)
  2 electric golems (Zot:5)
  3 Orb Guardians (Zot:5)
  2 tentacled monstrosities (Zot:5)
  A walking earthen tome (Zot:4)
  A quicksilver dragon (Zot:5)
  A walking frostbound tome (Zot:4)
  A draconian monk (Zot:5)
  A draconian shifter (Zot:5)
  A purple draconian (Zot:5)
  A green death (Zot:5)
  A hydra (Lair:5)
  A centaur warrior (D:15)
  An orc high priest (Orc:2)
  A dancing weapon (Zot:4)
  A sixfirhy (Zot:5)
  A harpy (Shoals:1)
  4 ugly things
  3 orc knights (Orc:2)
  2 orc sorcerers (Orc:2)
  A moth of wrath (Zot:5)
  2 black mambas
  5 cane toads
  2 smoke demons (Lair:5)
  A komodo dragon (Lair:5)
  An ancient zyme (Lair:5)
  3 trolls
  Grinder (D:4)
  A blink frog (Lair:5)
  A vampire (D:14)
  A large abomination (Lair:5)
  A chaos spawn (Lair:5)
  2 vampire mosquitoes (D:6)
  3 nagas (Lair:3)
  3 wargs
  2 water moccasins
  A meliai simulacrum (D:14)
  3 orc warriors (Orc:2)
  A black bear (Lair:1)
  2 ogres (Orc:2)
  A bullfrog (Lair:2)
  6 small abominations (Lair:5)
  An orc priest (Orc:2)
  2 jellies (Lair:5)
  A sleepcap (D:6)
  A gnoll (D:6)
  An endoplasm (Lair:5)
82 creatures vanquished.

Vanquished Creatures (others)
  2 orbs of fire (Zot:5)
  2 ancient liches (Zot:5)
  4 Killer Klowns (Zot:5)
  An electric golem (Zot:5)
  15 Orb Guardians (Zot:5)
  A death cob (Zot:5)
  A draconian monk (Zot:5)
  A draconian knight (Zot:5)
  A nargun (Zot:5)
  A draconian shifter (Zot:5)
  2 draconian annihilators (Zot:5)
  A draconian stormcaller (Zot:5)
  A green draconian (Zot:5)
  A black draconian (Zot:5)
  3 red draconians (Zot:5)
  4 white draconians (Zot:5)
  2 yellow draconians (Zot:5)
  A deep elf death mage (Elf:3)
  A dancing weapon (Zot:4)
  A harpy (Shoals:4)
  A moth of wrath (Zot:5)
  A centaur simulacrum (D:11)
  A naga (Snake:3)
  A manticore zombie (Shoals:4)
  A bush (Lair:5)
  5 demonic plants (D:5)
  23 fungi
  242 plants
  3 tentacles (Shoals:4)
324 creatures vanquished.

Grand Total: 2362 creatures vanquished

Notes
Turn   | Place    | Note
-------+----------+-------------------------------------------
     0 | D:1      | freelancePsychic the Deep Elf Venom Mage began the quest
                  | for the Orb.
     0 | D:1      | Reached XP level 1. HP: 10/10 MP: 6/6
    60 | D:1      | Found Kiguf's Antique Weapon Boutique.
   272 | D:1      | Reached XP level 2. HP: 12/15 MP: 1/8
   275 | D:1      | Learned a level 2 spell: Poisonous Vapours
   967 | D:1      | Reached skill level 1 in Air Magic
   971 | D:1      | Reached XP level 3. HP: 20/20 MP: 4/9
  1566 | D:2      | Reached skill level 1 in Fighting
  1651 | D:2      | Found a faded altar of an unknown god.
  2149 | D:2      | Reached XP level 4. HP: 21/25 MP: 0/11
  2803 | D:2      | Learned a level 3 spell: Mephitic Cloud
  2848 | D:3      | Found an opulent altar of Gozag.
  2855 | D:3      | Became a worshipper of Gozag Ym Sagoz the Greedy
  3694 | D:3      | Reached XP level 5. HP: 27/29 MP: 7/12
  3781 | D:3      | Identified the +7 whip "Doad Boo" {flame, rF+}
  3954 | D:3      | Reached skill level 1 in Conjurations
  4091 | D:3      | Reached skill level 5 in Stealth
  4370 | D:3      | Found a radiant altar of Vehumet.
  4733 | D:4      | Found a runed translucent door.
  4734 | D:4      | Noticed Crazy Yiuf
  4735 | D:4      | Identified the +9 hammer "Igodgh" {heavy, rElec rC- Str+2}
  5396 | D:4      | Reached XP level 6. HP: 35/35 MP: 3/13
  5530 | D:4      | Learned a level 4 spell: Olgreb's Toxic Radiance
  5693 | D:4      | Noticed Blork the orc
  5713 | D:4      | Killed Blork the orc
  5915 | D:4      | Noticed Grinder
  5915 | D:4      | Noticed Natasha
  5960 | D:5      | Entered Level 5 of the Dungeon
  6494 | D:4      | Killed Natasha
  6589 | D:4      | Reached XP level 7. HP: 40/40 MP: 1/14
  6666 | D:4      | Identified a scroll of acquirement
  7181 | D:4      | Noticed Natasha
  7189 | D:4      | Killed Natasha
  7190 | D:4      | Reached skill level 5 in Poison Magic
  7225 | D:4      | Acquired 1173 gold pieces
  7299 | D:5      | Noticed Edmund
  7536 | D:4      | Noticed Natasha
  7562 | D:4      | Killed Natasha
  8072 | D:5      | Reached XP level 8. HP: 46/46 MP: 11/17
  8212 | D:5      | Reached skill level 5 in Spellcasting
  8564 | D:5      | Killed Edmund
  8821 | D:6      | Found a broken altar of Ashenzari.
  8980 | D:6      | Found a staircase to the Ecumenical Temple.
  9261 | D:6      | Found a stormy altar of Qazlal.
  9484 | D:6      | Reached skill level 1 in Summonings
  9585 | D:6      | Found a glowing silver altar of Zin.
  9676 | D:6      | Identified the +3 helmet of the Saviour {MP+9 Dex+3}
  9781 | D:6      | Found a shimmering blue altar of Sif Muna.
  9887 | D:6      | Reached skill level 5 in Air Magic
  9887 | D:6      | Reached XP level 9. HP: 52/52 MP: 20/20
 10112 | D:6      | Learned a level 4 spell: Summon Lightning Spire
 10282 | D:6      | Reached skill level 5 in Fighting
 10657 | D:6      | Bought a potion of invisibility for 120 gold pieces
 10657 | D:6      | Bought a scroll of acquirement for 780 gold pieces
 10657 | D:6      | Bought a potion of heal wounds for 75 gold pieces
 10657 | D:6      | Bought a scroll of identify for 30 gold pieces
 10657 | D:6      | Acquired a +2 buckler of protection
 10728 | D:7      | Found an ornate altar of the Wu Jian Council.
 10974 | D:7      | Reached skill level 1 in Shields
 10974 | D:7      | Reached skill level 5 in Conjurations
 11308 | D:7      | Found a snail-covered altar of Cheibriados.
 11814 | D:4      | Killed Grinder
 12462 | D:8      | Found a bloodstained altar of Trog.
 12532 | D:8      | Found a hide-covered altar of Uskayaw.
 12910 | D:9      | Found a staircase to the Orcish Mines.
 12917 | D:9      | Noticed a two-headed ogre
 12920 | D:9      | Reached XP level 10. HP: 45/60 MP: 19/21
 12931 | D:9      | Killed a two-headed ogre
 13612 | D:9      | Found a shadowy altar of Dithmenos.
 13778 | Orc:1    | Entered Level 1 of the Orcish Mines
 13915 | Orc:2    | Entered Level 2 of the Orcish Mines
 14046 | Orc:2    | Found a staircase to the Elven Halls.
 14523 | Orc:2    | Noticed an orc knight
 14523 | Orc:2    | Noticed an orc knight
 14539 | Orc:2    | Killed an orc knight
 14545 | Orc:2    | Killed an orc knight
 14546 | Orc:2    | Reached XP level 11. HP: 66/66 MP: 6/25
 14634 | Orc:2    | Noticed an orc sorcerer
 14644 | Orc:2    | Killed an orc sorcerer
 14660 | Orc:2    | Noticed an orc sorcerer
 14670 | Orc:2    | Killed an orc sorcerer
 14701 | Orc:2    | Noticed an orc high priest
 14715 | Orc:2    | Killed an orc high priest
 14813 | Orc:2    | Noticed an orc high priest
 14824 | Orc:2    | Killed an orc high priest
 14900 | Orc:2    | Noticed an orc sorcerer
 14914 | Orc:2    | Killed an orc sorcerer
 14915 | Orc:2    | Reached skill level 5 in Transmutations
 14999 | Orc:2    | Noticed an orc knight
 15001 | Orc:2    | Noticed an orc knight
 15010 | Orc:2    | Killed an orc knight
 15031 | Orc:2    | Killed an orc knight
 15216 | Orc:2    | Found Vyssoh's Weapon Shoppe.
 15216 | Orc:2    | Found Ycaaxzoth's Magic Scroll Shoppe.
 15216 | Orc:2    | Noticed an orc high priest
 15218 | Orc:2    | Noticed an orc sorcerer
 15229 | Orc:2    | Killed an orc sorcerer
 15230 | Orc:2    | Killed an orc high priest
 15295 | Orc:2    | Found Guniwk's Magic Scroll Shop.
 15295 | Orc:2    | Found Ecvonoup's Book Shop.
 15307 | Orc:2    | Bought a scroll of blinking for 90 gold pieces
 15307 | Orc:2    | Bought a scroll of magic mapping for 90 gold pieces
 15307 | Orc:2    | Bought a scroll of identify for 24 gold pieces
 15307 | Orc:2    | Bought a scroll of identify for 24 gold pieces
 15307 | Orc:2    | Bought a scroll of identify for 24 gold pieces
 15323 | Orc:2    | Bought a scroll of acquirement for 728 gold pieces
 15323 | Orc:2    | Acquired the ring "Domiusob" {rPois Will+ SInv}
 15359 | Orc:2    | Bought Etuneqiu's Teachings on Fumes and Evolution for 720
                  | gold pieces
 15363 | Orc:2    | Learned a level 3 spell: Ignite Poison
 16117 | Orc:2    | Bought Great Wizards, Vol. II for 570 gold pieces
 16123 | Orc:2    | Learned a level 5 spell: Irradiate
 16235 | D:10     | Entered Level 10 of the Dungeon
 16235 | D:10     | Found a hazy altar of Hepliaklqana.
 16457 | D:10     | Got Haobago's Incunabulum of Amorphous Blasting
 17175 | D:11     | Reached XP level 12. HP: 73/73 MP: 27/27
 17811 | D:11     | Found a staircase to the Lair.
 18338 | D:11     | Reached skill level 5 in Dodging
 18507 | D:11     | Reached skill level 1 in Armour
 18561 | D:11     | Noticed a boulder beetle
 18567 | D:11     | Killed a boulder beetle
 18619 | D:11     | Noticed a two-headed ogre
 18624 | D:11     | Killed a two-headed ogre
 18701 | D:11     | Noticed a four-headed hydra
 18736 | D:11     | Killed a four-headed hydra
 19003 | D:11     | Noticed a rakshasa
 19007 | D:11     | Killed a rakshasa
 19082 | D:11     | Noticed a death knight
 19132 | Lair:1   | Entered Level 1 of the Lair of Beasts
 19373 | Lair:1   | Noticed Grum
 19379 | Lair:1   | Killed Grum
 19782 | Lair:1   | Found a large runed translucent door.
 19782 | Lair:1   | Found a large runed translucent door.
 19785 | Lair:1   | Noticed Xycs's ghost (journeyman GnEE)
 20295 | Lair:2   | Found a staircase to the Shoals.
 20379 | Lair:2   | Noticed an eight-headed hydra
 20388 | Lair:2   | Killed an eight-headed hydra
 20769 | Lair:2   | Reached XP level 13. HP: 66/80 MP: 26/28
 21918 | Lair:3   | Found a staircase to the Snake Pit.
 22453 | Lair:3   | Reached skill level 5 in Armour
 22794 | Lair:4   | Reached skill level 10 in Fighting
 23052 | Lair:4   | Reached skill level 10 in Dodging
 23716 | Lair:5   | Entered Level 5 of the Lair of Beasts
 23822 | Lair:5   | Found a staircase to the Slime Pits.
 24636 | Lair:5   | Reached XP level 14. HP: 90/90 MP: 26/29
 25738 | Lair:5   | Identified the +4 battleaxe of the Magi {venom, Will-
                  | Int+6}
 26328 | Lair:5   | Found a corrupted altar of Lugonu.
 26328 | Lair:5   | Found a one-way gate to the infinite horrors of the Abyss.
 27089 | D:11     | Identified the staff of conjuration "Xaquss" {Str+3 Dex+3}
 28323 | D:13     | Identified the staff of fire "Kiusecur" {+Blink rPois rF+}
 28546 | D:13     | Reached skill level 10 in Spellcasting
 28837 | Orc:2    | Bought a book of Fire for 660 gold pieces
 28844 | Orc:2    | Learned a level 6 spell: Plasma Beam
 28853 | Orc:2    | Learned a level 6 spell: Eringya's Noxious Bog
 29534 | D:14     | Noticed Roxanne
 30186 | D:14     | Found a gate to the Vaults.
 30342 | D:15     | Entered Level 15 of the Dungeon
 30509 | D:15     | Noticed Nessos
 30516 | D:15     | Killed Nessos
 31123 | D:15     | Found a staircase to the Depths.
 31123 | D:15     | Noticed a stone giant
 31128 | D:15     | Killed a stone giant
 31129 | D:15     | Reached XP level 15. HP: 82/96 MP: 27/32
 31547 | Shoals:1 | Entered Level 1 of the Shoals
 31556 | Shoals:1 | HP: 4/96 [faun/sling bullet (15)]
 31576 | Shoals:1 | Reached skill level 10 in Transmutations
 32337 | Shoals:1 | Found a hazy altar of Hepliaklqana.
 32435 | Shoals:1 | Reached skill level 10 in Poison Magic
 32888 | Shoals:2 | Noticed Sobbokih's ghost (journeyman FeWn)
 32889 | Shoals:2 | Found a runed translucent gate.
 32890 | Shoals:2 | Found a runed translucent gate.
 32891 | Shoals:2 | Found a runed translucent gate.
 33262 | Shoals:2 | Noticed Ilsuiw
 33305 | Shoals:2 | Killed Ilsuiw
 34201 | Shoals:3 | Identified the +0 robe of the Slimy God {rElec Regen+
                  | Stlth-}
 34214 | Shoals:3 | Reached skill level 1 in Fire Magic
 34796 | Snake:1  | Entered Level 1 of the Snake Pit
 34922 | Snake:1  | Reached skill level 2 in Fire Magic
 35164 | Snake:1  | Reached XP level 16. HP: 85/103 MP: 34/35
 35462 | Snake:1  | Reached skill level 3 in Fire Magic
 36194 | Snake:2  | Reached skill level 4 in Fire Magic
 36648 | Snake:2  | Found a transporter.
 36750 | Snake:2  | Reached skill level 10 in Stealth
 36867 | Snake:2  | You fall into a shaft and drop 1 floor!
 36878 | Snake:3  | Reached skill level 10 in Air Magic
 36890 | Snake:3  | Reached skill level 5 in Fire Magic
 37106 | Snake:3  | Identified the +0 ring mail of Privacy {Drain +Blink rN+++
                  | Int-2}
 37266 | Snake:3  | Reached skill level 6 in Fire Magic
 37466 | Snake:3  | Gained mutation: Your body sometimes deteriorates upon
                  | taking damage. [mutagenic glow]
 37811 | Snake:3  | Found Waexa's Distillery.
 37814 | Snake:3  | Found Bofrog's Antique Armour Shoppe.
 37814 | Snake:3  | Found Ippeolle's General Store.
 37820 | Snake:3  | Found Qiapesiph's Weapon Shoppe.
 37985 | Snake:3  | Bought a +2 pair of boots of stealth for 430 gold pieces
 38011 | Snake:3  | Bought a potion of cancellation for 128 gold pieces
 38011 | Snake:3  | Bought a potion of brilliance for 64 gold pieces
 38011 | Snake:3  | Bought a potion of brilliance for 64 gold pieces
 38011 | Snake:3  | Bought a potion of magic for 128 gold pieces
 38086 | Snake:3  | Reached skill level 7 in Fire Magic
 38427 | Snake:3  | Lost mutation: Your body sometimes deteriorates upon taking
                  | damage. [potion of mutation]
 38427 | Snake:3  | Gained mutation: You are partially covered in iridescent
                  | scales. (AC +2) [potion of mutation]
 38427 | Snake:3  | Gained mutation: Your body sometimes deteriorates upon
                  | taking damage. [potion of mutation]
 38428 | Snake:3  | Lost mutation: Your body sometimes deteriorates upon taking
                  | damage. [potion of mutation]
 38428 | Snake:3  | Lost mutation: You are partially covered in iridescent
                  | scales. (AC +2) [potion of mutation]
 38428 | Snake:3  | Gained mutation: You have large cloven feet. [potion of
                  | mutation]
 38428 | Snake:3  | Gained mutation: Armour fits poorly on your strangely
                  | shaped body. [potion of mutation]
 38429 | Snake:3  | Lost mutation: You have large cloven feet. [potion of
                  | mutation]
 38429 | Snake:3  | Lost mutation: Armour fits poorly on your strangely shaped
                  | body. [potion of mutation]
 38429 | Snake:3  | Gained mutation: You are partially covered in iridescent
                  | scales. (AC +2) [potion of mutation]
 38429 | Snake:3  | Gained mutation: You have large cloven feet. [potion of
                  | mutation]
 38429 | Snake:3  | Gained mutation: You have a pair of small antennae on your
                  | head. [potion of mutation]
 38429 | Snake:3  | Gained mutation: You are mostly covered in iridescent
                  | scales. (AC +4) [potion of mutation]
 38439 | Snake:4  | Entered Level 4 of the Snake Pit
 38591 | Snake:3  | Lost mutation: You have a pair of small antennae on your
                  | head. [potion of mutation]
 38591 | Snake:3  | Lost mutation: You are mostly covered in iridescent scales.
                  | (AC +4) [potion of mutation]
 38591 | Snake:3  | Lost mutation: You are partially covered in iridescent
                  | scales. (AC +2) [potion of mutation]
 38591 | Snake:3  | Gained mutation: Your muscles are strong. (Str +4, Int/Dex
                  | -1) [potion of mutation]
 38591 | Snake:3  | Gained mutation: You possess an exceptional clarity of
                  | mind. [potion of mutation]
 38862 | Snake:4  | Reached XP level 17. HP: 97/109 MP: 24/36
 38953 | Snake:4  | Reached skill level 8 in Fire Magic
 39293 | Snake:2  | Reached skill level 9 in Fire Magic
 39640 | Snake:2  | Noticed Nohucul's ghost (adept MiBe)
 39641 | Snake:2  | Found a transporter.
 41158 | Shoals:2 | Killed Sobbokih's ghost
 41324 | Shoals:4 | Entered Level 4 of the Shoals
 41445 | Shoals:4 | Noticed Bai Suzhen
 41450 | Shoals:4 | Reached skill level 10 in Fire Magic
 41473 | Shoals:4 | Identified the +1 helmet of Tomorrow {Contam Int+3}
 41549 | Shoals:4 | Noticed Polyphemus
 41559 | Shoals:4 | Killed Polyphemus
 41958 | Elf:1    | Entered Level 1 of the Elven Halls
 42696 | Elf:1    | Got the Codex of Command
 42714 | Elf:1    | Reached skill level 11 in Fire Magic
 43203 | Elf:1    | Identified the +4 scale mail of Happiness {-Tele Fly rElec
                  | Str+5}
 43467 | Elf:2    | Reached XP level 18. HP: 117/117 MP: 33/37
 44038 | Elf:2    | Found a runed translucent gate.
 44040 | Elf:2    | Found a runed translucent gate.
 44041 | Elf:2    | Found a runed translucent gate.
 44248 | Elf:2    | Paralysed by an air elemental for 1 turns
 44250 | Elf:2    | Paralysed by an air elemental for 1 turns
 44909 | Elf:3    | Entered Level 3 of the Elven Halls
 45517 | Elf:3    | Reached skill level 12 in Fire Magic
 45551 | Elf:3    | Reached skill level 15 in Dodging
 45553 | Elf:3    | Reached skill level 15 in Fighting
 45564 | Elf:3    | Noticed a Brimstone Fiend
 45863 | Elf:3    | Identified the amulet "Icruqac" {RegenMP rElec Stlth+}
 45914 | Elf:3    | Identified the ring "Xuathagg" {Will+ rCorr MP+9}
 45950 | Elf:3    | Found the +12 pair of quick blades "Gyre" and "Gimble"
                  | {protect}
 45963 | Elf:3    | Identified the +5 broad axe of Discomfort {antimagic, rC+
                  | Int+3 Stlth+}
 45964 | Elf:3    | Identified the amulet "Cacsyqoz" {Faith Str+3}
 45970 | Elf:3    | Identified the +11 broad axe of Certain Death {heavy, *Slow
                  | Str+4}
 45991 | Elf:3    | Got the Notes on Cankerous Superposition
 46028 | Elf:3    | Got the Directory of the Transforming Caves
 46799 | Snake:4  | Got a serpentine rune of Zot
 46894 | Snake:4  | Reached XP level 19. HP: 124/124 MP: 38/38
 47495 | Snake:4  | Reached skill level 13 in Fire Magic
 47954 | Shoals:3 | Killed Bai Suzhen
 48066 | Shoals:4 | Noticed Mlioglotl
 48114 | Shoals:3 | Killed Mlioglotl
 48399 | Shoals:4 | Got a barnacled rune of Zot
 48979 | Shoals:4 | Identified the ring "Ylurch" {Fly rElec rPois Str-2 Int+6}
 49090 | Shoals:4 | Identified the +3 plate armour of Lilacs {-Cast rCorr
                  | Dex+2}
 49373 | Vaults:1 | Entered Level 1 of the Vaults
 49652 | Vaults:1 | Found Nianaulo's Book Emporium.
 51111 | Vaults:1 | Identified the scarf "Jarghimo" {+Inv, rC+ Dex+3}
 51545 | Vaults:2 | Reached skill level 14 in Fire Magic
 51545 | Vaults:2 | Reached XP level 20. HP: 79/132 MP: 39/39
 51879 | Vaults:2 | Found Aklyrin's Assorted Antiques.
 51886 | Vaults:2 | Bought a potion of haste for 350 gold pieces
 51886 | Vaults:2 | Bought a scroll of teleportation for 105 gold pieces
 52012 | Vaults:2 | Reached skill level 1 in Evocations
 52359 | Vaults:2 | Identified the +0 ring mail "Wihailei" {rN+ Str+4 Slay-4
                  | SInv}
 53569 | Vaults:3 | Identified the +1 ring mail "Giposu" {Str+2}
 53638 | Vaults:3 | Got Gloorx Vloq's Lessons on the Virulent Morgue
 54192 | Vaults:3 | Found a staircase to the Crypt.
 55326 | Vaults:4 | Noticed Margery
 55348 | Vaults:4 | Killed Margery
 55349 | Vaults:4 | Reached skill level 10 in Conjurations
 55971 | Vaults:4 | Reached skill level 15 in Fire Magic
 56199 | Depths:1 | Entered Level 1 of the Depths
 56210 | D:15     | Reached XP level 21. HP: 112/140 MP: 40/40
 56379 | Depths:1 | Noticed a golden dragon
 56464 | D:15     | Killed a golden dragon
 57217 | Depths:1 | Found a gateway to Hell.
 57295 | Depths:1 | Noticed the Enchantress
 57467 | Depths:1 | Killed the Enchantress
 57902 | Depths:2 | Found a sparkling altar of Nemelex Xobeh.
 58257 | Depths:2 | Noticed an ancient lich
 58360 | Depths:1 | Killed an ancient lich
 58786 | Depths:2 | Reached skill level 16 in Fire Magic
 59465 | Depths:2 | Found a one-way gate leading to the halls of Pandemonium.
 59922 | Depths:2 | Reached XP level 22. HP: 148/148 MP: 21/41
 60122 | Depths:2 | Noticed a golden dragon
 60136 | Depths:2 | Killed a golden dragon
 60819 | Depths:2 | Noticed a caustic shrike
 60830 | Depths:2 | Noticed a caustic shrike
 60831 | Depths:2 | Noticed a caustic shrike
 60842 | Depths:2 | Killed a caustic shrike
 61048 | Depths:2 | Killed a caustic shrike
 61068 | Depths:2 | Noticed a caustic shrike
 61072 | Depths:2 | Killed a caustic shrike
 61076 | Depths:2 | Killed a caustic shrike
 61169 | Depths:2 | Reached skill level 17 in Fire Magic
 61449 | Depths:2 | Got Dioh's Incunabulum of Evil
 61737 | Depths:3 | Noticed a shard shrike
 61740 | Depths:3 | Killed a shard shrike
 61756 | Depths:3 | Identified the +8 broad axe of Zuxzooti {freeze, Will+
                  | rCorr}
 61758 | Depths:3 | Noticed a shard shrike
 61840 | Depths:3 | Killed a shard shrike
 62009 | Depths:3 | Found a broken altar of Ashenzari.
 62308 | Depths:3 | Noticed a golden dragon
 62326 | Depths:3 | Killed a golden dragon
 62643 | Depths:3 | Found a one-way gateway to a ziggurat.
 62643 | Depths:3 | Noticed an ancient lich
 62665 | Depths:3 | Killed an ancient lich
 62939 | Depths:4 | Entered Level 4 of the Depths
 63548 | Depths:4 | Noticed a golden dragon
 63556 | Depths:4 | Reached XP level 23. HP: 156/156 MP: 14/42
 63561 | Depths:4 | Reached skill level 18 in Fire Magic
 63631 | Depths:4 | Found a gate to the Realm of Zot.
 63792 | Depths:4 | Found a runed translucent door.
 63792 | Depths:4 | Noticed lmSkywalker's ghost (adept DrTm)
 63904 | Depths:4 | Identified the +3 leather armour "Dejipt" {Dex+3}
 64520 | Depths:4 | Learned a level 8 spell: Ignition
 64784 | Crypt:1  | Entered Level 1 of the Crypt
 66255 | Crypt:2  | Found a runed translucent gate.
 66255 | Crypt:2  | Found a runed translucent gate.
 66258 | Crypt:2  | Found an ancient bone altar of Kikubaaqudgha.
 66258 | Crypt:2  | Found a runed translucent gate.
 66258 | Crypt:2  | Noticed Goociwk's ghost (adept GrFi)
 66258 | Crypt:2  | Noticed Dugafar's ghost (adept GrFi)
 66259 | Crypt:2  | Noticed a dread lich
 66259 | Crypt:2  | Noticed an ancient lich
 66872 | Crypt:2  | Reached skill level 15 in Spellcasting
 67181 | Crypt:2  | Reached skill level 19 in Fire Magic
 67463 | Crypt:2  | Killed an ancient lich
 67594 | Crypt:2  | Killed a dread lich
 67865 | Crypt:2  | Killed Goociwk's ghost
 67985 | Crypt:2  | Identified the +1 pair of boots of Disappointment {MP+9
                  | Int+3}
 68010 | Crypt:2  | Identified the ring "Qazauth" {*Corrode Str+4 Int+4 Dex+6}
 68370 | Slime:1  | Entered Level 1 of the Pits of Slime
 68838 | Slime:2  | Reached skill level 15 in Conjurations
 70090 | Slime:4  | Paralysed by a floating eye for 2 turns
 70572 | Slime:5  | Entered Level 5 of the Pits of Slime
 70586 | Slime:5  | Reached skill level 20 in Fire Magic
 70653 | Slime:5  | Noticed the Royal Jelly
 70656 | Slime:5  | Killed the Royal Jelly
 70657 | Slime:5  | Reached XP level 24. HP: 155/163 MP: 31/44
 70793 | Slime:5  | Identified the +0 ring mail "Sidaamn" {Rampage *Corrode
                  | Dex+6}
 70838 | Slime:5  | Got a slimy rune of Zot
 70839 | Slime:5  | Identified the +6 broad axe "Bodemur" {antimagic, Will+}
 70854 | Slime:5  | Identified the staff of conjuration "Cicuu" {Dex+5}
 70857 | Slime:5  | Identified the staff of poison "Kugackuah" {rPois rCorr
                  | Str-4 Int+3}
 70903 | Slime:5  | Identified the +9 plate armour of Rysacoc {Fly}
 71822 | Zot:1    | Entered Level 1 of the Realm of Zot
 71822 | Zot:1    | Noticed a juggernaut
 71825 | Zot:1    | Killed a juggernaut
 72093 | Zot:1    | Noticed a Killer Klown
 72095 | Zot:1    | Noticed a Killer Klown
 72102 | Zot:1    | Killed a Killer Klown
 72102 | Zot:1    | Killed a Killer Klown
 72898 | Zot:2    | Noticed Parghit
 73177 | Zot:1    | Reached skill level 21 in Fire Magic
 73852 | Zot:2    | Found the +4 dragonskin cloak
 73852 | Zot:2    | Noticed Tiamat
 73900 | Zot:2    | Killed Tiamat
 74007 | Zot:1    | Learned a level 9 spell: Fire Storm
 74196 | Zot:2    | Killed Parghit
 75271 | Zot:4    | Identified the +9 double sword of Conscience {elec, *Noise
                  | rC+ Int+3}
 75330 | Zot:5    | Entered Level 5 of the Realm of Zot
 75670 | Zot:5    | Found a basalt altar of Yredelemnul.
 75719 | Zot:5    | Found a hide-covered altar of Uskayaw.
 75772 | Zot:5    | Noticed an ancient lich
 75787 | Zot:5    | Noticed a dread lich
 75788 | Zot:5    | Noticed an orb of fire
 75790 | Zot:5    | Noticed an orb of fire
 75792 | Zot:5    | Noticed an orb of fire
 75794 | Zot:5    | Noticed a Killer Klown
 75795 | Zot:5    | Noticed an orb of fire
 75886 | Zot:5    | Killed a Killer Klown
 75894 | Zot:5    | Killed a Killer Klown
 75895 | Zot:5    | Killed an orb of fire
 75902 | Zot:5    | Killed a Killer Klown
 75933 | Zot:5    | Noticed a dread lich
 75939 | Zot:5    | Noticed an ancient lich
 75939 | Zot:5    | Noticed a Killer Klown
 75944 | Zot:5    | Noticed an ancient lich
 75965 | Zot:5    | Killed an ancient lich
 75976 | Zot:5    | Got the Orb of Zot
 76028 | Zot:5    | Noticed Vahar the pandemonium lord
 76030 | Zot:5    | Noticed an ancient lich
 76047 | Zot:5    | Lost mutation: Your muscles are strong. (Str +4, Int/Dex
                  | -1) [mutagenic glow]
 76193 | Depths:2 | Reached XP level 25. HP: 168/168 MP: 44/44
 76594 | D:1      | Noticed Zaeqeuve the pandemonium lord
 76612 | D:$      | Escaped with the Orb!

Illustrated notes

Levels and vault maps discovered:
D:1:      wander_arrival_lonely_grave, layout_loops_ring, serial_shops, shop,
          st_stairs_5
D:2:      layout_loops_ring, hellmonk_ecumenical_altar_lost_god, st_stairs_1
D:3:      layout_basic, mainiacjoe_overflow_24_doors,
          mainiacjoe_overflow_alcove_1, minmay_quantized
D:4:      wad_crossroads, layout_layer_cave, minmay_increasing_density,
          uniq_blork_the_orc, uniq_crazy_yiuf_cottage, uniq_grinder,
          uniq_natasha
D:5:      layout_cave_pools, nicolae_overflow_hidden_temple, serial_demonic,
          serial_demonic_g, serial_demonic_c, serial_demonic_a,
          serial_demonic_g, amcnicky_mini_rare_corridor_liquid, uniq_edmund
D:6:      layout_gridville, mainiacjoe_overflow_chevrons,
          mainiacjoe_overflow_cross_hatched, kennysheep_orc_sif_temple,
          nicolae_overflow_crystal_walls, minmay_temple_entry_hall,
          dreamdust_gnoll_farm
D:7:      layout_layer_cave, mainiacjoe_overflow_brackets, slow_altar_1
D:8:      layout_loops_ring, nicolae_uskayaw_murder_on_the_dancefloor,
          old_standard_altar, nicolae_water_bricks, patterned_corridor
D:9:      layout_loops_cross, grunt_dithmenos_shadows, erik_orc_4
D:10:     layout_loops_cross, amcnicky_altar_gilded, glass_columns_a,
          minmay_nine_imps
D:11:     minmay_the_grid_square_5x5_3x3 [minmay_the_grid_square_5x5_inner_v,
          minmay_the_grid_square_5x5_forky,
          minmay_the_grid_square_5x5_checkered,
          minmay_the_grid_square_5x5_detours,
          minmay_the_grid_square_5x5_megaprize_checkered,
          minmay_the_grid_square_5x5_doubleslash,
          minmay_the_grid_square_5x5_almost_minimal,
          minmay_the_grid_square_5x5_n_small, minmay_the_grid_square_5x5_comb],
          layout_cave_pods, lair_entry_dummy, lightli_fourway_metalbox
D:12:     layout_rooms, kennysheep_small_circle
D:13:     layout_stronghold
D:14:     layout_cave_pools, david_vaults_1, uniq_roxanne
D:15:     grunt_enter_depths_giant_problem, layout_basic, uniq_nessos
Lair:1:   layout_big_grid, ebering_ghost_disaster_area, serial_bayou_shore_b,
          serial_bayou_shore_a, infiniplex_staircase_pool, uniq_grum
Lair:2:   layout_loops_ring, elwin_shoals_entry_rocks, serial_bayou_lake_a
Lair:3:   layout_long_grid, guppyfry_snake_entry_island, lemuel_fruit_fields,
          infiniplex_staircase_pool_2
Lair:4:   layout_loops_ring, lemuel_fruit_fields
Lair:5:   hellmonk_lair_end_abyssal_woods, layout_small_grid,
          nicolae_slime_entry_slimehenge, minivault_11, minivault_26,
          minivault_24, nzn_sisyphean_effort, serial_bayou_shore_b
Shoals:1: layout_shoals, lemuel_oklob_altar
Shoals:2: dreamdust_from_the_deep, layout_shoals, ebering_ghost_rock_garden,
          uniq_ilsuiw
Shoals:3: layout_shoals
Shoals:4: shoals_end_grunt_garden, layout_shoals, shoals_ilsuiw_alternative,
          nicolae_shoals_undead_eyrie, uniq_polyphemus, uniq_bai_suzhen,
          uniq_mlioglotl
Snake:1:  layout_onion, grunt_megastairs_5
Snake:2:  layout_chambers, gammafunk_ghost_arena, nicolae_snake_salamander_zone
Snake:3:  layout_misc_corridors, minmay_shoptagon
Snake:4:  snake_pit, layout_cave_town
Slime:1:  layout_caves, cheibrodos_slime_lost_civilization_7
Slime:2:  layout_caves
Slime:3:  layout_caves
Slime:4:  layout_caves
Slime:5
Orc:1:    layout_caves, basic_altar
Orc:2:    st_orc_elflike, layout_caves, special_room
Elf:1:    eino_elf_arrival_the_gate, layout_loops_cross, minmay_elf_demonology
Elf:2:    elven_hall_of_blades_hangedman_original
          [nicolae_blade_entry_antechamber], layout_geoelf_diagonals,
          st_stairs_8, lemuel_upstairs_altar
Elf:3:    elf_hall, layout_gridlike
Vaults:1: v_misc_10, nicolae_vaults_little_squares_2,
          nicolae_vaults_stairing_the_circle, nicolae_vaults_little_squares_6,
          v_misc_1, v_rooms_4, v_misc_15, v_misc_27, v_misc_8,
          hangedman_vaults_stagger, nicolae_vaults_big_angled_halls,
          st_smaller_cells, nicolae_vaults_big_angled_halls,
          nicolae_vaults_asterisk, serial_ice_b, layout_vaults_omnibox,
          serial_shops, nicolae_shop_behind_doors
Vaults:2: grunt_vaults_focal, grunt_vaults_swirl, hangedman_vaults_restitches,
          nicolae_vaults_little_squares_5, nicolae_vaults_border_crossing,
          ontoclasm_vaults_loading_screen, v_pattern_2, ontoclasm_vaults_bender,
          nicolae_vaults_little_squares_4, vaults_dpeg_cross,
          hangedman_vaults_hat, st_more_cells, v_misc_33,
          hangedman_vaults_impose, grunt_vaults_bifocal,
          layout_vaults_maze_bifur, serial_shops, nicolae_shop_advertising_works
          [nicolae_subvault_shop_adworks]
Vaults:3: nicolae_vaults_little_ls, vaults_room_door_ring,
          minmay_crypt_entry_vampire_xt, ontoclasm_vaults_loading_screen,
          vaults_room_fours, grunt_vaults_hallway_short, v_misc_16,
          nicolae_vaults_three_branches, layout_vaults_omnigrid
Vaults:4: v_alt_pattern_6, hangedman_vaults_impose,
          nicolae_vaults_know_your_exits, nicolae_vaults_triangles, v_misc_26,
          ontoclasm_vaults_eye, v_misc_8, hangedman_vaults_capsules,
          nicolae_vaults_mini_display_case, ontoclasm_vaults_decontamination,
          layout_vaults_big_room, uniq_margery
Crypt:1:  layout_gridlike, skrybe_necro_troll_1, grunt_crypt_arrival_split
Crypt:2:  layout_chaotic_city, gammafunk_ghost_crypt
Depths:1: layout_cave_pools, hell_entry, kennysheep_pointless_box, abyss_entry,
          evilmike_ambush [evilmike_ambush_outer_corners,
          evilmike_ambush_inner_basic], uniq_enchantress
Depths:2: grunt_bent_corner, layout_basic, nemelex_lonely_heart_becter,
          hellmouth_3, special_room [special_room_morgue], pan_entry
Depths:3: minmay_coctagon, layout_basic, enter_ziggurat_c, abyss_entry,
          hangedman_glass_teeth, hell_entry, chequers_jeans,
          grunt_ministairs_10, evilmike_ruin_ashenzari,
          minmay_staircase_windowed_small, serial_bayou_shore_b
Depths:4: grunt_twist_and_shout, layout_gridlike,
          hangedman_decor_clover_reticule, gammafunk_ghost_grave,
          grunt_hell_entry_dis_mu, serial_bayou_lagoon_a
Zot:1:    ebering_greatest_show_in_zot, layout_concentric_octagons,
          st_large_dragon_hoard_4
Zot:2:    lemuel_draconian_sentries, layout_basic, uniq_parghit, uniq_tiamat,
          uniq_grunn
Zot:3:    layout_concentric_octagons, nicolae_lava_and_water
Zot:4:    layout_concentric_octagons, nicolae_rock_paper_scissors
Zot:5:    layout_cathedral_of_symmetry, st_stairs_2, hangedman_feature_mirror,
          bh_zot_ikea_curve, grunt_ministairs_13

Skill      XL: |  1  2  3  4  5  6  7  8  9 10 11 12 13 14 15 16 17 18 19 20 21 22 23 24 |
---------------+-------------------------------------------------------------------------+-----
Stealth        | 3 4 5 6 7 10 | 10.0
Air Magic      | 1 2 3 5 6 7 8 9 11 12 13 | 13.9
Fighting       | 1 2 3 4 5 6 8 9 11 12 13 14 15 16 17 18 20 | 20.0
Conjurations   | 1 2 3 5 6 7 9 10 12 14 16 20 | 20.8
Poison Magic   | 4 5 6 7 9 11 | 11.0
Spellcasting   | 4 6 8 9 11 13 15 | 15.0
Summonings     | 1 4 |  4.3
Shields        | 2 4 |  4.0
Transmutations | 3 6 7 9 11 | 11.3
Dodging        | 4 8 11 12 13 15 17 19 20 | 20.0
Armour         | 4 6 |  6.4
Fire Magic     | 2 7 11 12 14 15 16 17 20 21 | 21.9
Evocations     | 2 |  2.3
Long Blades    | |  0.9

Action                     |  1- 3 |  4- 6 |  7- 9 | 10-12 | 13-15 | 16-18 | 19-21 | 22-24 | 25-27 || total
---------------------------+-------+-------+-------+-------+-------+-------+-------+-------+-------++-------
  Melee: Short sword       |    37 |    41 |       |       |       |       |       |       |       ||    78
         Punch             |       |     1 |     2 |       |       |       |       |       |       ||     3
         Whip              |       |    57 |   167 |   226 |   178 |       |       |       |       ||   628
         Staff             |       |       |       |       |   140 |    30 |    44 |    97 |       ||   311
         Katana            |       |       |       |       |     7 |       |       |       |       ||     7
   Cast: Sting             |    20 |     3 |       |       |       |       |       |       |       ||    23
         Poisonous Vapours |    55 |   121 |    34 |       |       |       |       |       |       ||   210
         Mephitic Cloud    |       |     4 |    18 |    29 |     9 |     1 |       |       |       ||    61
         Olgreb's Toxic Ra |       |       |    41 |    80 |   142 |    20 |    18 |     9 |       ||   310
         Summon Lightning  |       |       |     4 |    24 |    37 |     2 |       |       |       ||    67
         Ignite Poison     |       |       |       |    34 |   104 |    57 |    29 |    15 |       ||   239
         Irradiate         |       |       |       |    24 |    75 |    50 |    51 |    60 |     2 ||   262
         Eringya's Noxious |       |       |       |       |    12 |    88 |    40 |    15 |       ||   155
         Plasma Beam       |       |       |       |       |       |   168 |   503 |   703 |    23 ||  1397
         Ignition          |       |       |       |       |       |       |       |    17 |       ||    17
 Invoke: Potion Petition   |       |     1 |       |       |     3 |     5 |       |       |       ||     9
         Call Merchant     |       |       |     1 |       |       |       |       |       |       ||     1
         Bribe Branch      |       |       |       |       |       |       |       |     5 |       ||     5
  Evoke: Wand              |       |       |       |       |       |       |       |     7 |       ||     7
    Use: Scroll            |     1 |     1 |    10 |    10 |    11 |     6 |     4 |    12 |     1 ||    56
         Potion            |       |     1 |       |     2 |    11 |    20 |     1 |     9 |     1 ||    45
   Stab: Sleeping          |       |     2 |     2 |     4 |     2 |       |       |     1 |       ||    11
         Confused          |       |       |     2 |     6 |     1 |       |       |       |       ||     9
         Invisible         |       |       |       |     2 |       |       |       |       |       ||     2
         Distracted        |       |       |       |       |     5 |       |     1 |       |       ||     6
 Armour: Robe              |     6 |    22 |   109 |   106 |       |       |       |       |       ||   243
         Leather armour    |       |       |       |    24 |   258 |   198 |    84 |    79 |     1 ||   644
         Skin              |       |       |       |       |       |     6 |       |       |       ||     6
  Dodge: Dodged            |    31 |    57 |   165 |   200 |   473 |   365 |   448 |   385 |     6 ||  2130
  Block: Buckler           |       |       |    11 |   136 |   273 |   200 |   175 |   118 |     4 ||   917

Table legend: (Time is in decaauts)
 A = Elapsed time spent in this place.
 B = Non-inter-level travel time spent in this place.
 C = Inter-level travel time spent in this place.
 D = Time resting spent in this place.
 E = Time spent auto-exploring this place.
 F = Levels seen in this place.
 G = Mean time per level.
                   A        B        C        D        E       F      G
               +--------+--------+--------+--------+--------+-----+--------+
         Total |  77395 |  71435 |   5960 |   4924 |  55185 |  53 | 1460.3 |
       Dungeon |  23033 |  20629 |   2404 |   1103 |  16250 |  15 | 1535.5 |
          Lair |   8199 |   7410 |    789 |     62 |   6254 |   5 | 1639.8 |
        Shoals |   5587 |   5129 |    458 |    394 |   3982 |   4 | 1396.8 |
     Snake Pit |   7767 |   7418 |    349 |    767 |   5367 |   4 | 1941.8 |
    Slime Pits |   3151 |   3021 |    130 |    148 |   2475 |   5 |  630.2 |
  Orcish Mines |   3394 |   2889 |    505 |    459 |   1948 |   2 | 1697.0 |
   Elven Halls |   3832 |   3699 |    133 |    176 |   2909 |   3 | 1277.3 |
        Vaults |   6977 |   6546 |    431 |      0 |   5665 |   4 | 1744.2 |
         Crypt |   3310 |   3212 |     98 |     12 |   2675 |   2 | 1655.0 |
        Depths |   8214 |   7758 |    456 |   1187 |   5433 |   4 | 2053.5 |
           Zot |   3928 |   3724 |    204 |    616 |   2225 |   5 |  785.6 |
               +--------+--------+--------+--------+--------+-----+--------+

Top non-repeatable levels by time:
     D:4: 3357 daAuts
  Lair:5: 3007 daAuts
 Snake:2: 2953 daAuts
   Orc:2: 2636 daAuts
Depths:2: 2496 daAuts
 Snake:3: 2414 daAuts
    D:11: 2387 daAuts
Depths:1: 2191 daAuts
    D:15: 1920 daAuts
Vaults:1: 1897 daAuts
  Lair:2: 1884 daAuts
Depths:4: 1854 daAuts
Vaults:3: 1799 daAuts
     D:3: 1741 daAuts
Vaults:2: 1724 daAuts
